 Dungeon Crawl Stone Soup version 0.21.0-3-g78d12a8 (webtiles) character file.

14 Larett the Sneak (level 2, 0/19 HPs)
             Began as an Octopode Assassin on Jan 17, 2018.
             Was an Initiate of Wu Jian.
             Slain by an adder (2 damage)
             ... on level 2 of the Dungeon.
             The game lasted 00:03:08 (1326 turns).

Larett the Sneak (Octopode Assassin)                Turns: 1326, Time: 00:03:09

Health: 0/19       AC:  1    Str: 10    XL:     2   Next: 45%
Magic:  2/2        EV: 13    Int: 13    God:    Wu Jian [......]
Gold:   6          SH:  0    Dex: 13    Spells: 1/1 levels left

rFire    . . .     SeeInvis .   a - +2 dagger
rCold    . . .     Gourm    .   (no shield)
rNeg     . . .     Faith    .   (helmet restricted)
rPois    .         Spirit   .   (no amulet)
rElec    .         Reflect  .   (no ring)
rCorr    .         Harm     .   (no ring)
MR       .....                  (no ring)
Stlth    ++++......             (no ring)
HPRegen  0.06/turn              (no ring)
MPRegen  0.08/turn              (no ring)
                                (no ring)
                                (no ring)

@: no status effects
A: almost no armour, stealthy swim, amphibious, 8 rings, constrict 8, camouflage
1, gelatinous body 1
a: Renounce Religion


You were on level 2 of the Dungeon.
You worshipped Wu Jian.
Wu Jian was noncommittal.
You were not hungry.

You visited 1 branch of the dungeon, and saw 2 of its levels.

You collected 6 gold pieces.

Inventory:

Hand Weapons
 a - a +2 dagger (weapon)
 b - a +0 blowgun
 k - a +1 mace of holy wrath
 m - a +0 hunting sling
Missiles
 c - 8 poisoned needles
 d - 2 curare-tipped needles
 g - 2 stones (quivered)
Scrolls
 i - a scroll of fear {unknown}
 n - a scroll of identify {unknown}
Potions
 l - a potion of ambrosia {unknown}
Comestibles
 f - 2 rations
 j - 3 chunks of flesh


   Skills:
 - Level 2.0 Fighting
 + Level 2.5 Short Blades
 - Level 2.0 Throwing
 - Level 1.0 Dodging
 + Level 5.8 Stealth


You had one spell level left.
You didn't know any spells.

Dungeon Overview and Level Annotations

Branches:
Dungeon (2/15)

Altars:
Qazlal
Wu Jian

Annotations:
D:2 Sigmund


Innate Abilities, Weirdness & Mutations

You cannot wear most types of armour.
You are very stealthy in the water. (Stealth+)
You are amphibious.
You can wear up to eight rings at the same time.
You can use your tentacles to constrict eight enemies at once.
Your skin changes colour to match your surroundings (Stealth+).
Your rubbery body absorbs attacks. (AC +1, EV +1)


Message History

* * * LOW HITPOINT WARNING * * *
Sigmund gestures wildly while chanting.
Sigmund flickers and vanishes!
Deactivating autopickup; reactivate with Ctrl-A.
The adder barely misses you. The adder closely misses you.
The adder barely misses you. The adder barely misses you.
The adder closely misses you. The adder barely misses you.
The adder closely misses you. The adder bites you but does no damage.
The adder misses you.
Sigmund appears from thin air!
Reactivating autopickup.
The adder closely misses you. The adder bites you.
* * * LOW HITPOINT WARNING * * *
The adder bites you.
You die...

#8..................# #
##.#.#.#.#.8....###.#
###.###.###.#### #.#
##### ### #.######.#
#.#.# #.# #.@..@...#
##.#.# #.# #.########
##..#.###.# #.##.##
####.........###.....####
+..........@S..@........+
####.....>.#######...####
##......# #..## #.......#
#.## #.#.....# #.# +#
#.#.....# #.# .#
#.####### #.# .# #.# #.#
.## #.# #.#


You could see Sigmund and an adder.

Vanquished Creatures
  A leopard gecko (D:1)
  3 goblins
  2 hobgoblins (D:1)
  A kobold (D:1)
  2 bats (D:1)
  2 frilled lizards
  3 rats (D:1)
14 creatures vanquished.

Notes
Turn   | Place    | Note
-------+----------+-------------------------------------------
     0 | D:1      | Larett the Octopode Assassin began the quest for the Orb.
     0 | D:1      | Reached XP level 1. HP: 14/14 MP: 1/1
   280 | D:1      | Reached XP level 2. HP: 19/19 MP: 2/2
  1189 | D:2      | Found a stormy altar of Qazlal.
  1212 | D:2      | Found an ornate altar of the Wu Jian Council.
  1224 | D:2      | Became a worshipper of the Wu Jian Council
  1279 | D:2      | Noticed Sigmund
  1323 | D:2      | HP: 2/19 [adder (4)]
  1326 | D:2      | Slain by an adder

Action                   || total
-------------------------++-------
Melee: Dagger            ||    19
       Constrict         ||     5
       Tentacles         ||     3
 Fire: Blowgun           ||     2
Invok: Lunge             ||     1
 Stab: Sleeping          ||     6
  Eat: Chunk             ||     1
Armor: Skin              ||     1
Dodge: Dodged            ||    16
